Map: Echo LE (Void)

Players

Fropez - Winner!

  • Race: Protoss Protoss
  • League: Gold
  • Spawn Location: 5:00

GrosMou

  • Race: Protoss Protoss
  • League: Gold
  • Spawn Location: 11:00

VOD

Have the link to the VOD?

Description

Time

  • Played on: Nov. 29, 2016, 1:01 p.m.
  • Length: 22:26
Show
View Real Time Build Order
Export as new Build Order

Fropez Protoss - Winner!

Build Orders: 1 Gate Expand 

Get SALT Encoding   

  12  0:01  Probe (Chrono Boost)  
  13  0:11  Probe (Chrono Boost)  
  14  0:19  Pylon  
  14  0:22  Probe (Chrono Boost)  
  14  0:28  Assimilator  
  15  0:37  Probe (Chrono Boost)  
  16  0:46  Gateway  
  16  0:47  Probe (Chrono Boost)  
  17  0:59  Probe (Chrono Boost)  
  18  1:09  Probe (Chrono Boost)  
  19  1:22  Nexus  
  19  1:24  Probe (Chrono Boost)  
  20  1:35  Probe (Chrono Boost)  
  21  1:45  Probe (Chrono Boost), Cybernetics Core  
  22  1:57  Probe (Chrono Boost)  
  22  1:59  Pylon  
  23  2:03  Assimilator  
  23  2:17  Pylon  
  23  2:22  Warp Gate (Chrono Boost)  
  24  2:25  Mothership Core  
  24  2:29  Stalker  
  27  2:40  Probe, Gateway  
  27  2:43  Pylon  
  28  2:46  Probe  
  29  2:51  Probe  
  30  2:59  Probe  
  30  3:01  Probe  
  32  3:18  Probe  
  33  3:22  Twilight Council  
  33  3:24  Gateway  
  33  3:25  Gateway  
  33  3:32  Gateway  
  33  3:33  Probe x2  
  35  3:42  Pylon  
  35  3:47  Stalker  
  31  4:08  Blink (Chrono Boost)  
  29  4:20  Probe  
  29  4:23  Stalker  
  29  4:24  Stalker  
  34  4:28  Probe  
  34  4:29  Stalker  
  37  4:33  Probe, Assimilator  
  38  4:38  Probe  
  38  4:43  Stalker  
  41  4:45  Probe  
  41  4:49  Probe  
  43  4:58  Probe  
  43  4:59  Stalker x2  
  48  5:01  Probe  
  49  5:09  Zealot  
  49  5:10  Probe  
  52  5:14  Probe  
  53  5:22  Probe  
  53  5:23  Pylon  
  53  5:24  Stalker  
  56  5:33  Stalker  
  56  5:34  Stalker  
  60  5:44  Stalker  
  62  5:50  Probe x2  
  62  5:54  Assimilator  
  62  6:05  Stalker x3  
  68  6:25  Probe  
  62  6:26  Probe  
  64  6:36  Templar Archives  
  62  6:40  Probe  
  62  6:41  Probe  
  62  6:42  Gateway  
  62  6:43  Stargate  
  62  6:44  Stalker x3  
  70  6:50  Forge  
  70  6:51  Probe  
  71  6:54  Forge  
  71  6:55  Probe  
  71  6:58  Stalker  
  74  7:04  Probe  
  75  7:11  Probe  
  76  7:16  Probe  
  76  7:19  Protoss Ground Weapons Level 1 (Chrono Boost)  
  77  7:25  Probe  
  77  7:29  Protoss Ground Armor Level 1 (Chrono Boost)  
  78  7:38  Pylon  
  78  7:43  Pylon  
  78  7:46  Pylon  
  78  7:47  Pylon  
  78  7:51  Psionic Storm  
  78  7:56  Phoenix, Probe  
  78  7:58  High Templar x2  
  85  8:17  High Templar  
  85  8:28  High Templar  
  85  8:34  Phoenix  
  89  8:39  Probe  
  90  8:45  Probe  
  90  8:47  Zealot x2  
  90  8:48  Zealot  
  97  8:53  Zealot  
  99  8:56  Nexus  
  99  9:18  Phoenix  
  99  9:19  High Templar x2  
  87  9:45  High Templar x2  
  87  9:48  Protoss Ground Weapons Level 2  
  87  9:52  Pylon  
  91  9:55  Pylon  
  91  9:58  Assimilator  
  91  10:02  Assimilator  
  91  10:05  Pylon  
  91  10:06  Protoss Ground Armor Level 2  
  89  10:08  Pylon  
  87  10:20  Nexus  
  83  10:24  Assimilator  
  83  10:27  Stalker x3  
  83  10:28  Assimilator, Stalker  
  91  10:32  Pylon  
  91  10:33  Phoenix  
  93  10:36  Pylon  
  93  10:39  Pylon  
  93  10:45  Pylon  
  93  10:47  Pylon  
  93  10:54  Gateway  
  93  10:55  Gateway  
  93  10:56  Gateway  
  93  11:04  Probe  
  93  11:07  Pylon  
  93  11:09  Stalker x5  
  102  11:47  Probe  
  102  11:48  Probe  
  102  11:49  Probe  
  105  12:00  Probe  
  105  12:01  Probe x2  
  108  12:14  Probe  
  108  12:16  Probe x2  
  108  12:18  Stalker x4  
  108  12:20  Phoenix  
  121  12:29  Pylon  
  121  12:30  Probe  
  121  12:31  Protoss Ground Armor Level 3  
  121  12:32  Probe, Gateway  
  121  12:35  Gateway  
  121  12:36  Zealot x3  
  121  12:37  Probe, Gateway  
  129  12:38  Probe  
  129  12:39  Gateway  
  129  12:41  Gateway  
  131  12:44  Gateway  
  131  12:46  Gateway  
  131  12:47  Zealot x3  
  137  13:11  High Templar x5  
  137  13:12  High Templar x2  
  151  13:22  Photon Cannon  
  151  13:26  Photon Cannon  
  151  13:28  Charge  
  151  13:30  Photon Cannon  
  151  13:32  Phoenix  
  149  13:53  Stalker  
  149  13:54  Stalker x6  
  163  14:21  Fleet Beacon  
  163  14:23  Dark Shrine  
  163  14:25  Pylon x2  
  163  14:29  Pylon  
  163  14:31  Pylon  
  157  15:20  Zealot  
  157  15:21  Zealot x6  
  163  15:22  Zealot x3  
  175  16:17  High Templar x5  
  175  16:18  High Templar x5  
  193  16:19  High Templar x2  
  197  16:53  Stalker  
  199  16:57  Assimilator  
  199  17:01  Assimilator  
  198  17:05  Pylon  
  198  17:07  Pylon  
  198  17:09  Stalker  
  192  17:16  Stalker x2  
  192  17:17  Stalker x2  
  194  17:53  Pylon  
  194  17:54  Zealot  
  194  17:55  Pylon, Zealot x2  
  200  18:30  Protoss Ground Weapons Level 3  
  200  18:38  Dark Shrine  
  198  18:51  Protoss Shields Level 1  
  198  19:05  Archon x2  
  198  19:06  Archon x5  
  198  19:07  Nexus, Archon x2  
  198  19:08  Archon  
  198  19:30  Pylon  
  194  19:32  Assimilator x2  
  178  20:20  Stalker x4  
  178  20:21  Stalker x6  
  190  20:24  Stalker x4  
  178  20:42  Stargate x2  
  176  20:43  Stargate  
  176  20:44  Pylon  
  166  21:34  Stalker  
  168  21:50  Nexus  
  168  21:57  Nexus  
  168  22:00  Assimilator  
  156  22:02  Assimilator  
  156  22:06  Pylon  
  152  22:09  Pylon  
  152  22:14  Pylon  
  148  22:18  Pylon  
  148  22:21  Cybernetics Core  
  144  22:24  Cybernetics Core  
Show
View Real Time Build Order
Export as new Build Order

GrosMou Protoss 

Build Orders: Oracle Opening 

Get SALT Encoding   

  12  0:02  Probe (Chrono Boost)  
  13  0:12  Probe (Chrono Boost)  
  14  0:20  Pylon  
  14  0:23  Probe (Chrono Boost)  
  15  0:38  Probe (Chrono Boost), Gateway  
  16  0:47  Assimilator  
  16  0:49  Probe (Chrono Boost)  
  17  0:59  Probe (Chrono Boost)  
  18  1:10  Probe (Chrono Boost)  
  19  1:18  Pylon  
  19  1:21  Probe (Chrono Boost)  
  20  1:28  Zealot (Chrono Boost)  
  20  1:29  Cybernetics Core  
  22  1:40  Pylon  
  22  1:52  Assimilator  
  22  1:53  Probe  
  23  2:05  Probe  
  24  2:10  Stargate  
  24  2:17  Probe  
  25  2:33  Mothership Core  
  27  3:02  Oracle (Chrono Boost)  
  30  3:06  Nexus  
  30  3:20  Assimilator  
  30  3:24  Assimilator  
  30  3:29  Stargate  
  28  4:15  Void Ray (Chrono Boost)  
  32  4:18  Probe  
  32  4:23  Void Ray (Chrono Boost)  
  37  4:30  Probe  
  38  4:42  Probe  
  39  4:54  Probe  
  39  4:57  Stargate  
  40  5:06  Probe  
  41  5:18  Probe  
  42  5:59  Forge  
  42  6:15  Pylon  
  40  6:47  Pylon  
  40  6:50  Photon Cannon  
  40  6:51  Photon Cannon  
  40  6:53  Photon Cannon  
  40  6:57  Probe  
  41  7:07  Protoss Air Weapons Level 1 (Chrono Boost)  
  41  7:09  Probe  
  42  7:16  Void Ray (Chrono Boost)  
  42  7:17  Void Ray (Chrono Boost)  
  42  7:21  Void Ray (Chrono Boost), Probe  
  55  7:31  Probe  
  56  7:43  Probe  
  57  7:55  Probe  
  57  7:58  Void Ray  
  58  8:03  Pylon  
  62  8:15  Void Ray  
  62  8:21  Probe  
  67  8:28  Photon Cannon  
  67  8:30  Photon Cannon  
  67  8:31  Photon Cannon  
  67  8:32  Photon Cannon  
  67  8:48  Pylon  
  67  9:06  Void Ray  
  62  9:20  Pylon  
  25  10:16  Void Ray  
  25  10:21  Void Ray x2  
  37  10:47  Protoss Air Armor Level 1 (Chrono Boost)  
  37  10:52  Probe  
  30  11:41  Void Ray  
  30  11:46  Void Ray  
  30  11:47  Void Ray  
  30  11:51  Probe  
  39  11:59  Probe  
  40  12:03  Probe  
  41  12:11  Probe  
  42  12:23  Probe  
  42  12:24  Probe  
  44  12:35  Probe, Photon Cannon  
  44  12:36  Probe, Photon Cannon  
  46  12:45  Void Ray  
  46  12:48  Probe  
  51  13:00  Probe  
  52  13:12  Oracle  
  55  13:21  Nexus  
  55  14:07  Pylon  
  55  14:12  Void Ray  
  55  14:17  Void Ray  
  55  14:20  Oracle  
  66  14:31  Probe  
  67  14:42  Probe  
  68  14:52  Probe  
  69  15:03  Probe  
  74  15:07  Pylon  
  74  15:10  Pylon  
  74  15:13  Probe  
  74  15:17  Void Ray  
  74  15:18  Void Ray  
  79  15:24  Probe  
  79  15:25  Pylon  
  67  17:12  Pylon  
  43  17:59  Photon Cannon  
  43  18:03  Photon Cannon  
  43  18:07  Photon Cannon  
  42  18:13  Void Ray (Chrono Boost)  
  42  18:15  Void Ray (Chrono Boost)  
  42  18:17  Void Ray (Chrono Boost)  
  54  18:23  Gateway  
  48  19:01  Pylon  
  48  19:03  Nexus  
  48  19:19  Pylon  
  52  19:25  Void Ray (Chrono Boost)  
  52  19:38  Void Ray (Chrono Boost)  
  60  19:43  Void Ray (Chrono Boost)  
  56  20:53  Void Ray (Chrono Boost)  
  68  20:58  Void Ray x2 (Chrono Boost)  
  32  21:33  Void Ray (Chrono Boost)  
Tags
 
Add a new tag
Caveats
  • Supply blocks, unpowered buildings, or Contaminate may cause inaccurate times.
  • Supply counts are checked every 10 seconds.